 Dungeon Crawl Stone Soup version 0.31.0-12-g77e489cdc1 (webtiles) character file.

Game seed: 5032580667079155461

79 Magugala the Firebug (level 4, 0/21 (24) HPs)
             Began as a Gargoyle Fire Elementalist on Feb 21, 2024.
             Slain by Natasha (5 damage)
             ... on level 2 of the Dungeon.
             The game lasted 00:09:42 (2323 turns).

Magugala the Firebug (Gargoyle Fire Elementalist)   Turns: 2323, Time: 00:09:42

HP:   0/21 (24)     AC:  5    Str: 12    XL:     4   Next: 37%
MP:   0/8           EV:  9    Int: 17    God:
Gold: 112           SH:  0    Dex: 10    Spells: 3/9 levels left

rFire   . . .        c - +0 dagger
rCold   . . .        (no shield)
rNeg    + . .        a - +0 robe
rPois   ∞            (no helmet)
rElec   +            i - scarf {+Inv}
rCorr   .            (no gloves)
SInv    .            (no boots)
Will    .....        (no amulet)
Stlth   ++           (no ring)
HPRegen 0.23/turn    (no ring)
MPRegen 0.11/turn

%: no passive effects
@: very slightly contaminated, slowed, constricted, heavily drained, very slow
A: sickness immunity, AC +3, negative energy resistance 1, electricity
resistance, torment resistance 1, petrification resistance, claws 1, mutation
resistance 1
a: Evoke Invisibility


You were on level 2 of the Dungeon.
You visited 1 branch of the dungeon, and saw 2 of its levels.

You collected 112 gold pieces.

Inventory:

Hand Weapons
 c - a +0 dagger (weapon)
Armour
 a - a +0 robe (worn)
 i - a scarf of invisibility (worn)
Jewellery
 h - an amulet of guardian spirit
Scrolls
 f - a scroll of teleportation
 g - a scroll of silence
Potions
 b - a potion of magic
 d - a potion of curing
 e - 2 potions of brilliance {unknown}


   Skills:
 + Level 0.2 Fighting
 + Level 0.1 Short Blades
 + Level 1.9 Dodging
 + Level 2.5 Stealth
 + Level 3.0 Spellcasting
 + Level 1.4 Conjurations
 + Level 3.7 Fire Magic


You had 3 spell levels left.
You knew the following spells:

 Your Spells              Type           Power      Damage    Failure   Level
a - Foxfire               Conj/Fire      44%        2x1d6     6%          1
b - Scorch                Fire           30%        2d6       5%          2
c - Volatile Blastmotes   Fire/Tloc      16%        2d11      24%         3

Your spell library contained the following spells:

 Spells                   Type           Power      Damage    Failure   Level
 Inner Flame              Hex/Fire       8%         N/A       24%         3
 Flame Wave               Conj/Fire      11%        2d6       52%         4


Dungeon Overview and Level Annotations

Branches:
Dungeon (2/15)

Altars:

Shops:
D:1 (

Annotations:
D:2 Natasha


Innate Abilities, Weirdness & Mutations

You are immune to sickness and miasma.
Your stone body is resilient. (AC +3)
You are immune to poison.
You resist negative energy. (rN+)
You are resistant to electric shocks. (rElec)
You are resistant to unholy torment.
You are immune to petrification.
You have sharp fingernails.
You are somewhat resistant to further mutation.


Message History

Confirm with . or Enter, or press ? or * to list all spells.
You miscast Foxfire.
You are very lightly contaminated with residual magic.
Nothing appears to happen.
Natasha casts a spell at you. The magic dart hits you.
The ball python zombie barely misses you.
The ball python zombie grabs you. The ball python zombie constricts you.
Casting: Foxfire (safe; 6% risk of failure)
Confirm with . or Enter, or press ? or * to list all spells.
You conjure some foxfire!
Natasha stares at you and mumbles some strange words.
You feel yourself slow down.
The ball python zombie barely misses you.
The ball python zombie constricts you.
You escape the ball python zombie's grasp.
Your foxfire dissipates!
The foxfire hits the ball python zombie.
The ball python zombie is severely damaged.
Natasha casts a spell at you. The magic dart hits you.
Casting: Foxfire (safe; 6% risk of failure)
Confirm with . or Enter, or press ? or * to list all spells.
You miscast Foxfire.
Nothing appears to happen.
The ball python zombie bites you but does no damage.
The ball python zombie closely misses you.
Natasha casts a spell at you. The magic dart hits you.
* * * LOW HITPOINT WARNING * * *
Unknown command.
Casting: Foxfire (safe; 6% risk of failure)
Confirm with . or Enter, or press ? or * to list all spells.
You don't have enough magic to cast this spell.
Unknown command.
You feel drained.
You fail to use your ability.
The ball python zombie closely misses you.
The ball python zombie grabs you. The ball python zombie constricts you.
Natasha claws you.
You die...
Natasha begins licking her fur clean.

#.#.# ##..........##.#.###
##.
##.#.#####......#.#....#.#
##
#.........#...#......#...# #
#.........##..##.......### #
#......†..##............##
#..............#.#.....<.###
#.........###.#..#.....#...#
#...♣♣♣...###....)......## #
#[.♣♣
♣♣♣......@........###.####
#..♣
♣♣....hZ.......)........
#..♣ 8
♣[....#########<....... ###♣
)Z ♣......................
ZhP♣♣####..#######........
..PP♣♣♣♣♣#.# #........
P..Z.PP.♣♣.# #########
♣.P....P♣.# ♣P.P....#


You could see Natasha and a ball python zombie.

Vanquished Creatures
  An adder (D:2)
  A gnoll (D:2)
  3 dart slugs
  A bat (D:1)
  9 endoplasms
  A giant cockroach (D:1)
  5 goblins
  4 hobgoblins
  4 jackals (D:1)
  3 quokkas
  8 ball pythons
  2 frilled lizards (D:2)
  3 kobolds (D:2)
  4 rats (D:1)
49 creatures vanquished.

Vanquished Creatures (others)
  106 foxfires
106 creatures vanquished.

Grand Total: 155 creatures vanquished

Notes
Turn   | Place    | Note
-------+----------+-------------------------------------------
     0 | D:1      | Magugala the Gargoyle Fire Elementalist began the quest for
                  | the Orb.
     0 | D:1      | Reached XP level 1. HP: 10/10 MP: 3/3
   150 | D:1      | Found Weploeci's Antique Weapon Emporium.
   239 | D:1      | Reached XP level 2. HP: 15/15 MP: 1/5
   739 | D:1      | Reached XP level 3. HP: 19/19 MP: 1/6
  1006 | D:1      | Learned a level 2 spell: Scorch
  1010 | D:1      | Learned a level 3 spell: Volatile Blastmotes
  1729 | D:2      | Gained mutation: You have sharp fingernails. [potion of
                  | mutation]
  1729 | D:2      | Gained mutation: You are somewhat resistant to further
                  | mutation. [potion of mutation]
  2039 | D:2      | Reached XP level 4. HP: 24/24 MP: 5/8
  2298 | D:2      | Noticed Natasha
  2323 | D:2      | Slain by Natasha

Illustrated notes

Levels and vault maps discovered:
D:1:      dpeg_arrival_simpleton_a, layout_basic, serial_shops, shop,
          minmay_fountain_box
D:2:      layout_rooms, st_stairs_11, dilly_guarded_unrand_morg

Skill      XL: |  1  2  3 |
---------------+----------+-----
Spellcasting   | 3 |  3.0
Fighting       | |  0.2
Short Blades   | |  0.1
Dodging        | |  1.9
Stealth        | |  2.5
Conjurations   | |  1.4
Fire Magic     | |  3.7

Action                     |  1- 3 |  4- 6 || total
---------------------------+-------+-------++-------
  Melee: Dagger            |    41 |       ||    41
   Cast: Foxfire           |    56 |     9 ||    65
         Scorch            |    13 |     4 ||    17
    Use: Scroll            |     9 |     1 ||    10
         Potion            |     1 |       ||     1
 Armour: Robe              |    56 |    10 ||    66
  Dodge: Dodged            |    50 |     9 ||    59
